 Dungeon Crawl Stone Soup version 0.31.0-11-ge490571c62 (webtiles) character file.

Game seed: 13250055927268349798

220 qw the Skirmisher (level 5, -4/30 HPs)
             Began as a Deep Elf Hunter on Feb 5, 2024.
             Incinerated by a bombardier beetle (6 damage)
             ... with a burning spray
             ... on level 4 of the Dungeon.
             The game lasted 00:01:22 (2701 turns).

qw the Skirmisher (Deep Elf Hunter)                 Turns: 2701, Time: 00:01:23

Health: -4/30      AC:  7    Str: 10    XL:     5   Next: 64%
Magic:  7/7        EV: 11    Int: 14    God:
Gold:   141        SH:  0    Dex: 18    Spells: 4/4 levels left

rFire   . . .        a - +0 shortbow
rCold   . . .        (shield currently unavailable)
rNeg    . . .        k - +0 ring mail
rPois   .            h - +1 helmet
rElec   .            (no cloak)
rCorr   .            (no gloves)
SInv    .            (no boots)
Will    .....        (no amulet)
Stlth   +            (no ring)
HPRegen 0.25/turn    (no ring)
MPRegen 0.10/turn

%: no passive effects
@: on fire, about to teleport, glowing
A: no striking features
a: no special abilities


You were on level 4 of the Dungeon.
You visited 1 branch of the dungeon, and saw 4 of its levels.

You collected 141 gold pieces.


   Skills:
 + Level 1.8 Fighting
 - Level 9.1 Ranged Weapons
 - Level 2.4 Dodging
 - Level 1.2 Stealth


You had 4 spell levels left.
You didn't know any spells.
Your spell library was empty.

Inventory:

Hand Weapons
 a - a +0 shortbow (weapon)
Armour
 h - a +1 helmet (worn)
 k - a +0 ring mail (worn)
Potions
 b - a potion of resistance
 c - a potion of curing {unknown}
 g - a potion of enlightenment
 j - 2 potions of mutation

Dungeon Overview and Level Annotations

Branches:
Dungeon (4/15)
 Temple: D:4-7

Altars:
Elyvilon
Makhleb
Nemelex Xobeh
Zin
The Shining One


Message History

You kill the kobold!
You start resting.
HP restored.
You see here a +0 whip.
Found 7 stones.
A bombardier beetle comes into view.
Found a blackened gold wand and an orange potion.
The bombardier beetle sprays incendiary fluid at you.
The burning spray hits you.
You are covered in liquid fire!
You shoot an arrow. The arrow hits the bombardier beetle.
The bombardier beetle is lightly wounded.
The liquid fire burns you!
You shoot an arrow.
The arrow completely misses the bombardier beetle.
The liquid fire burns you!
You shoot an arrow. The arrow hits the bombardier beetle.
The bombardier beetle is moderately wounded.
The liquid fire burns you!
You shoot an arrow.
The arrow hits the bombardier beetle but does no damage.
The bombardier beetle is moderately wounded.
The liquid fire burns you!
You shoot an arrow.
The arrow hits the bombardier beetle but does no damage.
The bombardier beetle is moderately wounded.
The liquid fire burns you!
You are on fire!
The liquid fire burns you!
You are on fire!
The liquid fire burns you!
2700 ||| READING scroll of teleportation.
As you read the scroll of teleportation, it crumbles to dust.
You feel strangely unstable. The liquid fire burns you!
The bombardier beetle misses you.
You shoot an arrow. The arrow hits the bombardier beetle.
The bombardier beetle is moderately wounded.
The liquid fire burns you!
You die...

#........#.###'######
#........#........#
#........#........#
#........)........#
###.##....##........#
#.........##........#
....#...(##.##..####
... #....##.##..# .
#@...##.##....
..../.B....##.# ###.
##.........##.#
#!........#
#.........#
##........#
#........# #........#


You could see a bombardier beetle.

Vanquished Creatures
  Natasha (thrice) (D:3)
  2 orc wizards (D:3)
  2 adders
  A dart slug (D:1)
  A ribbon worm (D:2)
  10 orcs (D:3)
  6 endoplasms
  2 giant cockroaches
  7 hobgoblins
  4 jackals (D:1)
  7 kobolds
  5 ball pythons
  5 bats
  5 frilled lizards
  3 goblins
  4 rats
67 creatures vanquished.

Notes
Turn   | Place    | Note
-------+----------+-------------------------------------------
     0 | D:1      | qw the Deep Elf Hunter began the quest for the Orb.
     0 | D:1      | Reached XP level 1. HP: 12/12 MP: 3/3
     0 | D:1      | 0 ||| qw: Version: 0.3-a-160-g6735b56
     0 | D:1      | 0 ||| qw: Game counter: 6273
     0 | D:1      | 0 ||| qw: Melee chars always use a shield: true
     0 | D:1      | 0 ||| qw: God list: Okawaru
     0 | D:1      | 0 ||| qw: Allow faded altars: false
     0 | D:1      | 0 ||| qw: Do Orc after clearing Dungeon:15 true
     0 | D:1      | 0 ||| qw: Do second Lair branch before Depths: true
     0 | D:1      | 0 ||| qw: Lair rune preference: random
     0 | D:1      | 0 ||| qw: Goals: Normal
     0 | D:1      | 0 ||| PLANNING D:1-11
   126 | D:1      | Reached skill level 6 in Ranged Weapons
   126 | D:1      | Reached XP level 2. HP: 16/16 MP: 4/4
   703 | D:1      | 703 ||| UPGRADING to +0 helmet.
   708 | D:1      | 708 ||| DROPPING scarf of invisibility.
   709 | D:1      | 709 ||| READING scroll labelled MITYECKABA.
   810 | D:1      | 810 ||| READING scroll labelled ORRIN MINKOELARGH.
   811 | D:1      | 811 ||| READING scroll labelled COTZIFUITY.
   816 | D:1      | 816 ||| READING 2 scrolls labelled VERANGU YZXOM.
   817 | D:1      | 817 ||| READING 2 scrolls labelled YTUOCH SALEYSABY.
   817 | D:1      | 817 ||| IDENTIFYING red potion
   818 | D:1      | 818 ||| DROPPING scroll of butterflies.
   819 | D:1      | 819 ||| DROPPING scroll of revelation.
   848 | D:2      | Found a faded altar of an unknown god.
   857 | D:2      | Reached XP level 3. HP: 20/20 MP: 5/5
  1080 | D:2      | Reached skill level 7 in Ranged Weapons
  1284 | D:2      | 1284 ||| UPGRADING to +0 ring mail.
  1294 | D:2      | 1294 ||| DROPPING +0 leather armour.
  1295 | D:2      | 1295 ||| READING 3 scrolls of identify.
  1295 | D:2      | 1295 ||| IDENTIFYING pink potion
  1296 | D:2      | 1296 ||| READING 2 scrolls of identify.
  1296 | D:2      | 1296 ||| IDENTIFYING glowing cyan potion
  1297 | D:2      | 1297 ||| READING scroll of identify.
  1297 | D:2      | 1297 ||| IDENTIFYING 2 metallic sapphire potions
  1298 | D:2      | 1298 ||| READING scroll labelled PYANERR KEMECE.
  1299 | D:2      | 1299 ||| READING scroll labelled POTAOTSIFE.
  1400 | D:2      | 1400 ||| DROPPING potion of brilliance.
  1401 | D:2      | 1401 ||| DROPPING 2 potions of attraction.
  1501 | D:3      | Noticed Natasha
  1503 | D:3      | 1503 ||| FLEEEEING.
  1514 | D:3      | Killed Natasha
  1515 | D:3      | Reached XP level 4. HP: 22/25 MP: 6/6
  1534 | D:3      | 1534 ||| FLEEEEING.
  1535 | D:3      | 1535 ||| FLEEEEING.
  1536 | D:3      | 1536 ||| FLEEEEING.
  1537 | D:3      | 1537 ||| FLEEEEING.
  1612 | D:3      | Reached skill level 8 in Ranged Weapons
  1633 | D:3      | Reached XP level 5. HP: 18/29 MP: 7/7
  1715 | D:3      | Found a burning altar of Makhleb.
  1718 | D:3      | Noticed Natasha
  1725 | D:3      | Killed Natasha
  1757 | D:3      | Noticed Natasha
  1759 | D:3      | Killed Natasha
  1760 | D:3      | Reached skill level 9 in Ranged Weapons
  1774 | D:3      | Found a sparkling altar of Nemelex Xobeh.
  2200 | D:3      | 2200 ||| READING scroll of identify.
  2200 | D:3      | 2200 ||| IDENTIFYING sapphire potion
  2201 | D:3      | 2201 ||| READING scroll labelled XISYIR PACA.
  2202 | D:3      | 2202 ||| READING scroll labelled FIYROJ XOEDWOPH.
  2202 | D:3      | 2202 ||| ENCHANTING +0 helmet.
  2204 | D:3      | 2204 ||| Stepping ~*~*~tactically~*~*~ (cloud).
  2209 | D:3      | HP: 7/30 [poisoned by you (poison gas)]
  2454 | D:4      | 2454 ||| READING scroll labelled KYERCHETWUOR.
  2522 | D:4      | Found a glowing silver altar of Zin.
  2523 | D:4      | Found a white marble altar of Elyvilon.
  2523 | D:4      | Found a glowing golden altar of the Shining One.
  2698 | D:4      | HP: 7/30 [burnt (4)]
  2700 | D:4      | 2700 ||| READING scroll of teleportation.
  2700 | D:4      | HP: 2/30 [burnt (3)]
  2701 | D:4      | Incinerated by a bombardier beetle

Levels and vault maps discovered:
D:1:      dpeg_arrival_prison, layout_loops_cross, nrook_campfire,
          hangedman_decor_clover_reticule, minmay_crystal_room
D:2:      layout_basic, shapermc_ecumenical_altar_starsandcircs
D:3:      layout_loops_ring, lemuel_tele_altar, bloody_makhleb, uniq_natasha
D:4:      layout_basic, dreamdust_divine_triumvirate, serial_shops, shop

Skill      XL: |  1  2  3  4  5 |
---------------+----------------+-----
Ranged Weapons | 6 7 8 9 |  9.1
Fighting       | |  1.8
Dodging        | |  2.4
Stealth        | |  1.2

Action                     |  1- 3 |  4- 6 || total
---------------------------+-------+-------++-------
   Fire: Shortbow          |    93 |    86 ||   179
    Use: Scroll            |    10 |     5 ||    15
 Armour: Leather armour    |    14 |       ||    14
         Ring mail         |     6 |    15 ||    21
  Dodge: Dodged            |    17 |     4 ||    21

Table legend:
 A = Non-vault XP
 B = Vault XP
 C = Vault XP percentage of total XP
 D = Non-vault monster count
 E = Vault monster count
 F = Vault count percentage of total count
                 A         B        C        D         E       F
            +---------+---------+-------+---------+---------+-------
      Total |     278 |      37 |  11.7 |      65 |       2 |   3.0
            +---------+---------+-------+---------+---------+-------
        D:1 |      34 |       2 |   5.6 |      20 |       1 |   4.8
        D:2 |      30 |       0 |   0.0 |      10 |       0 |   0.0
        D:3 |     201 |      35 |  14.8 |      27 |       1 |   3.6
        D:4 |      13 |       0 |   0.0 |       8 |       0 |   0.0
            +---------+---------+-------+---------+---------+-------
